 Dungeon Crawl Stone Soup version 0.30.1 (webtiles) character file.

Game seed: 12407627103997953358

1526 anacleto the Basher (level 8, -1/70 HPs)
             Began as a Troll Gladiator on July 9, 2023.
             Slain by an ogre
             ... wielding a +0 giant club
              (19 damage)
             ... on level 6 of the Dungeon.
             The game lasted 00:16:48 (4434 turns).

anacleto the Basher (Troll Gladiator)               Turns: 4434, Time: 00:16:48

Health: -1/70      AC:  4    Str: 25    XL:     8   Next: 54%
Magic:  7/7        EV: 10    Int:  4    God:
Gold:   217        SH:  0    Dex: 11    Spells: 7/7 levels left

rFire   . . .        a - +0 giant spiked club
rCold   . . .        (shield currently unavailable)
rNeg    . . .        b - +0 robe
rPois   .            c - +0 hat
rElec   .            (no cloak)
rCorr   .            (gloves unavailable)
SInv    .            (boots unavailable)
Will    .....        (no amulet)
Stlth   +            (no ring)
HPRegen 1.11/turn    (no ring)
MPRegen 0.10/turn

%: no passive effects
@: no status effects
A: large, unfitting armour, claws 3, regeneration 1, shaggy fur 1, tough skin 1
a: no special abilities


You were on level 6 of the Dungeon.
You visited 1 branch of the dungeon, and saw 6 of its levels.

You collected 256 gold pieces.
You spent 39 gold pieces at shops.

Inventory:

Hand Weapons
 a - a +0 giant spiked club (weapon)
 s - a +0 flail
Missiles
 d - 8 poisoned darts
 l - 3 atropa-tipped darts
 w - 7 javelins
 C - a large rock (quivered)
Armour
 b - a +0 robe (worn)
 c - a +0 hat (worn)
Jewellery
 k - a ring of ice
 A - an amulet of guardian spirit
Scrolls
 h - a scroll of immolation {unknown}
 m - 2 scrolls of enchant armour
 o - 5 scrolls of teleportation
 p - 2 scrolls of fear {unknown}
 q - 2 scrolls of noise {unknown}
 t - a scroll of brand weapon {unknown}
 x - a scroll of fog
 y - a scroll of summoning {unknown}
Potions
 e - a potion of degeneration {unknown}
 f - a potion of invisibility {unknown}
 g - 2 potions of curing
 i - 2 potions of mutation
 j - 4 potions of ambrosia
 n - 2 potions of might
 r - a potion of cancellation {unknown}
 u - 3 potions of lignification
 v - 2 potions of resistance
 z - a potion of berserk rage {unknown}
 B - a potion of flight {unknown}
 D - a potion of heal wounds {unknown}


   Skills:
 - Level 1.5 Fighting
 * Level 10.2 Maces & Flails
 - Level 1.7 Throwing
 - Level 2.4 Dodging


You had 7 spell levels left.
You didn't know any spells.
Your spell library was empty.

Dungeon Overview and Level Annotations

Branches:
Dungeon (6/15)
 Temple: D:4-7

Altars:

Shops:
D:2 !   D:3 :!=[(


Innate Abilities, Weirdness & Mutations

You are too large for most types of armour.
You have claws for hands.
Your natural rate of healing is unusually fast.
You are covered in fur. (AC +1)
You have tough skin. (AC +1)


Message History

Found an escape hatch in the floor.
Found 8 stones.
You now have 197 gold pieces (gained 11).
You now have 217 gold pieces (gained 20).
Found a stone staircase leading up.
An adder comes into view.
You impale the adder!!
You kill the adder!
There is a stone staircase leading up, spattered with blood here.
You see here an adder corpse.
Found 9 stones.
Found a stone.
D - a green potion
Found 13 stones.
Found 10 stones.
Found 4 stones.
Found 13 stones. 2 ogres come into view.
Found 5 stones and a large rock.
The ogre shouts! x2; You hear a shout!
The ogre moves out of view.
Found 2 large rocks.
An ogre comes into view. It is wielding a +0 giant club.
You see here a large rock.
C - 2 large rocks (gained 1) Throw: 2 large rocks
Press: ? - help, Q - select action, (/) - cycle Shift-Dir - straight line, f - ogre
Aim: an ogre, wielding a +0 giant club (71% to hit)
You throw a large rock. The large rock hits the ogre!
The ogre is severely wounded.
The ogre hits you with a +0 giant club!!
You hit the ogre.
The ogre is severely wounded.
You thump the ogre!
You kill the ogre!
The ogre hits you with a +0 giant club!!
* * * LOW HITPOINT WARNING * * *
The ogre attacks as you move away!
The ogre hits you with a +0 giant club!!
You die...

..## .. .# #...
...(#(.## #.# ##..
.(8.(.8.##.. ##.
..((#.((#..## ##. #..
.(8...#.....# .....##..
#...)((.#..## .....#..)
.....(8((...####........
#(OO8.........#.....
...(.(#@#........###....
....# ##...###....###...
##. #.....#.....#....
###.......#......
#############.. #.. #..
#.. #.#


You could see 2 ogres.

Vanquished Creatures
  2 steam dragons (D:6)
  Menkaure (D:5)
  A sky beast (D:6)
  2 ogres
  A phantom (D:6)
  2 bullfrogs (D:6)
  2 scorpions
  A howler monkey (D:4)
  2 jellies
  An orc priest (D:4)
  4 hounds
  2 sleepcaps
  An iguana (D:5)
  4 gnolls (D:3)
  7 adders
  2 white imps
  An ufetubus (D:5)
  A worm (D:2)
  2 dart slugs
  11 orcs
  7 bats
  8 endoplasms
  4 giant cockroaches
  7 goblins
  6 hobgoblins
  8 jackals (D:1)
  8 kobolds
  6 quokkas
  5 ball pythons
  3 frilled lizards (D:3)
  7 rats
119 creatures vanquished.

Notes
Turn   | Place    | Note
-------+----------+-------------------------------------------
     0 | D:1      | anacleto the Troll Gladiator began the quest for the Orb.
     0 | D:1      | Reached XP level 1. HP: 19/19 MP: 0/0
    39 | D:1      | Reached skill level 3 in Maces & Flails
    93 | D:1      | Reached XP level 2. HP: 27/27 MP: 1/1
   219 | D:1      | Reached XP level 3. HP: 29/33 MP: 2/2
   432 | D:1      | Reached skill level 4 in Maces & Flails
   902 | D:2      | Found Hassy's Distillery.
   993 | D:2      | Reached XP level 4. HP: 41/41 MP: 3/3
  1358 | D:2      | Bought a potion of curing for 39 gold pieces
  1538 | D:3      | Found Fykiek's Distillery.
  1705 | D:3      | Reached skill level 5 in Maces & Flails
  1810 | D:3      | Reached XP level 5. HP: 43/48 MP: 4/4
  2137 | D:3      | Found Guffo's Book Boutique.
  2152 | D:3      | Noticed an ogre
  2164 | D:3      | Killed an ogre
  2165 | D:3      | Reached skill level 6 in Maces & Flails
  2320 | D:3      | Found a faded altar of an unknown god.
  2385 | D:3      | Found Buthrad's Armour Boutique.
  2425 | D:3      | Found Qefukex's Antique Weapon Shoppe.
  2488 | D:3      | Found Vubudala's Jewellery Shop.
  2641 | D:3      | Reached XP level 6. HP: 34/55 MP: 5/5
  2951 | D:4      | Reached skill level 7 in Maces & Flails
  2981 | D:4      | Found the +7 staff of the Meek {protect, meekguard}
  3428 | D:5      | Entered Level 5 of the Dungeon
  3448 | D:4      | Reached XP level 7. HP: 62/62 MP: 6/6
  3457 | D:5      | Noticed Menkaure
  3528 | D:5      | HP: 2/62 [Menkaure/nerve-wracking pain (5)]
  3531 | D:5      | Killed Menkaure
  3690 | D:5      | Reached skill level 8 in Maces & Flails
  3732 | D:5      | Noticed a hornet
  3884 | D:6      | Noticed a steam dragon
  3898 | D:6      | Killed a steam dragon
  4091 | D:6      | Reached skill level 9 in Maces & Flails
  4091 | D:6      | Reached XP level 8. HP: 37/70 MP: 7/7
  4306 | D:6      | Reached skill level 10 in Maces & Flails
  4423 | D:6      | Found the +6 shillelagh "Devastator" {shatter}
  4434 | D:6      | Slain by an ogre

Illustrated notes

Levels and vault maps discovered:
D:1:      eino_arrival_tree_alley, layout_loops_ring, minmay_cut_off
D:2:      layout_basic, serial_shops, nicolae_shop_window_shopping
D:3:      layout_loops_corners, shapermc_ecumenical_altar_mp_highgroup,
          serial_shops, shop, nicolae_shop_gaudy_bauble, nicolae_shop_stone,
          shop, nicolae_shop_hallway_stairs
D:4:      layout_basic, interstate_on_off, pf_guarded_unrand_meek
D:5:      layout_gridville, uniq_menkaure
D:6:      layout_cave_pools, tgw_kikubaaqudgha, dilly_guarded_unrand_devastator,
          uniq_crazy_yiuf_cottage

Skill      XL: |  1  2  3  4  5  6  7  8 |
---------------+-------------------------+-----
Maces & Flails | 3 4 5 6 7 9 10 | 10.2
Fighting       | |  1.5
Throwing       | |  1.7
Dodging        | |  2.4

Action                     |  1- 3 |  4- 6 |  7- 9 || total
---------------------------+-------+-------+-------++-------
  Melee: Flail             |   113 |   113 |       ||   226
         Punch             |     3 |       |       ||     3
         Giant spiked club |       |    95 |   113 ||   208
  Throw: Dart              |     1 |    14 |    10 ||    25
         Throwing net      |       |     4 |       ||     4
         Large rock        |       |     1 |     2 ||     3
    Use: Scroll            |     1 |       |     7 ||     8
         Potion            |       |     3 |     3 ||     6
 Armour: Robe              |    54 |    61 |    39 ||   154
         Skin              |       |       |     1 ||     1
  Dodge: Dodged            |    73 |   174 |    82 ||   329
